 Dungeon Crawl Stone Soup version 0.18-a0-1468-gaf180a1 (webtiles) character file.

75 glosham the Ducker (level 4, 0/23 HPs)
             Began as a Spriggan Monk on Mar 1, 2016.
             Slain by an orc
             ... wielding a +0 club
              (3 damage)
             ... on level 4 of the Dungeon.
             The game lasted 00:11:17 (476 turns).

glosham the Ducker (Spriggan Monk)                   Turns: 476, Time: 00:11:18

Health: 0/23       AC:  2    Str:  8    XL:     4   Next: 11%
Magic:  5/5        EV: 21    Int: 11    God:
Gold:   18         SH:  0    Dex: 18    Spells: 0 memorised, 3 levels left

rFire  . . .     SeeInvis +     a - +0 dagger
rCold  . . .     Gourm    .     X - +0 robe
rNeg   . . .     Faith    .     (shield restricted)
rPois  .         Spirit   .     (helmet restricted)
rElec  .         Dismiss  .     (no cloak)
rCorr  .         Reflect  .     (gloves unavailable)
SustAt .         Harm     .     (boots unavailable)
MR     .....                    (no amulet)
Stlth  +++.......               (no ring)
                                (no ring)

@: very quick, not resistant to hostile enchantments, fairly stealthy
A: unfitting armour, see invisible, herbivore 3, speed 3, slow metabolism 2
a: no special abilities


You were on level 4 of the Dungeon.
You were not hungry.

You visited 1 branch of the dungeon, and saw 4 of its levels.

You collected 18 gold pieces.

Inventory:

Hand Weapons
 a - a +0 dagger (weapon)
 b - a +0 blowgun
Missiles
 c - 2 poisoned needles
Armour
 X - a +0 robe (worn)
Potions
 e - 2 potions of agility {unknown}
Comestibles
 d - a bread ration


   Skills:
 - Level 2.4 Fighting
 * Level 3.4 Short Blades
 - Level 5.4 Dodging
 - Level 3.0 Stealth
 - Level 3.2 Unarmed Combat


You had 3 spell levels left.
You didn't know any spells.

Dungeon Overview and Level Annotations

Branches:
Dungeon (4/15)
 Temple: D:4-7

Altars:

Annotations:
D:4 exclusions: orc, phantom and skeleton


Innate Abilities, Weirdness & Mutations

You are tiny and cannot use many weapons and most armour.
You have supernaturally acute eyesight.
You are an herbivore.
You cover ground extremely quickly.
You need consume almost no food.


Message History

* * * LOW HITPOINT WARNING * * *
Firing (i - inventory):
c - 6 poisoned needles (quivered)
Press: ? - help, Shift-Dir - straight line, f/p - orc wizard
Aim: an orc wizard, wielding a dagger and wearing a robe (severely wounded)
You shoot a poisoned needle.
The poisoned needle hits the orc wizard!
The orc wizard is poisoned.
The orc wizard is severely wounded.
Firing (i - inventory):
c - 5 poisoned needles (quivered)
Press: ? - help, Shift-Dir - straight line, f/p - orc wizard
Aim: an orc wizard, wielding a dagger and wearing a robe (severely wounded, poisoned)
You shoot a poisoned needle.
The poisoned needle hits the orc wizard.
The orc wizard looks even sicker.
The orc wizard is severely wounded.
Firing (i - inventory):
c - 4 poisoned needles (quivered)
Press: ? - help, Shift-Dir - straight line, f/p - orc wizard
Aim: an orc wizard, wielding a dagger and wearing a robe (severely wounded, poisoned)
You shoot a poisoned needle.
The poisoned needle hits the orc wizard.
The orc wizard looks even sicker.
The orc wizard is severely wounded.
The orc shouts!
The orc wizard gestures wildly while chanting.
The orc wizard seems to speed up.
Firing (i - inventory):
c - 3 poisoned needles (quivered)
Press: ? - help, Shift-Dir - straight line, f/p - orc wizard
Aim: an orc wizard, wielding a dagger and wearing a robe (almost dead, fast, poisoned)
You shoot a poisoned needle.
The poisoned needle barely misses the orc wizard.
You kill the orc wizard!
Your Short Blades skill increases to level 3!
You have reached level 4!
a - a +0 dagger (weapon)
The orc misses you.
You barely miss the orc. You closely miss the orc.
The orc completely misses you.
You barely miss the orc. The orc misses you.
You closely miss the orc. The orc hits you with a club.
You die...

########## ########
#........# #......####
#........####........(#
#...................(.##
#..................(....
'.................>.....
#######...^.....o)......
# #†..........##o#....#
# #.###.......##@# ..#
###...........##)# #
..............##)#
#######.......##.# #
#.......##(# #
#........(.# #
#...###.#### #....o...
.o..###.#


You could see 2 orcs.

Vanquished Creatures
  An orc wizard (D:4)
  A worker ant (D:4)
  An adder (D:2)
  A giant gecko (D:4)
  3 orcs (D:4)
  A hobgoblin (D:2)
  A kobold (D:3)
  A giant newt (D:2)
10 creatures vanquished.

Notes
Turn   | Place    | Note
--------------------------------------------------------------
     0 | D:1      | glosham the Spriggan Monk began the quest for the Orb.
     0 | D:1      | Reached XP level 1. HP: 11/11 MP: 2/2
    89 | D:2      | Reached skill level 5 in Dodging
    89 | D:2      | Reached XP level 2. HP: 7/16 MP: 3/3
   174 | D:4      | Reached skill level 2 in Short Blades
   174 | D:4      | Reached XP level 3. HP: 7/19 MP: 4/4
   220 | D:4      | Noticed a phantom
   471 | D:4      | Reached skill level 3 in Short Blades
   471 | D:4      | Reached XP level 4. HP: 3/23 MP: 5/5
   476 | D:4      | Slain by an orc

Vault maps used:
D:1:      denvon_arrival_planthouse, serial_curves, eino_curves_02,
          eino_curves_04
D:2:      minmay_misc_feat_x
D:3:      grunt_temple_overflow_open, first_bread
D:4:      vehumet_statue, serial_shops, shop_fountains, serial_park_tiny_1,
          uniq_natasha

Skill      XL: |  1  2  3 |
---------------+----------+-----
Dodging        | 5 |  5.4
Short Blades   | 2 3 |  3.4
Fighting       | |  2.4
Stealth        | |  3.0
Unarmed Combat | |  3.2

Action                   |  1- 3 |  4- 6 || total
-------------------------+-------+-------++-------
Melee: Unarmed           |    23 |       ||    23
       Dagger            |    13 |     4 ||    17
 Fire: Blowgun           |    13 |       ||    13
  Use: Scroll            |     1 |       ||     1
 Stab: Sleeping          |     1 |       ||     1

Table legend:
 A = Turns spent in this place as a percentage of turns spent in the entire game.
 B = Non-inter-level travel turns spent in this place as a percentage of non-inter-level travel turns spent in the entire game.
 C = Inter-level travel turns spent in this place as a percentage of turns spent in this place.
 D = Turns resting spent in this place as a percentage of non-inter-level travel turns spent in this place.
 E = Turns spent auto-exploring this place as a percentage of non-inter-level travel turns spent in this place.
 F = Non-inter-level travel turns spent in this place divided by the number of levels of this place that you've seen.
                   A       B       C       D       E      F
               +-------+-------+-------+-------+-------+----------------------
         Total | 100.0 | 100.0 |   0.0 |   0.0 |   0.0 |  98.8
       Dungeon | 100.0 | 100.0 |   0.0 |   0.0 |   0.0 |  98.8
               +-------+-------+-------+-------+-------+----------------------

Table legend:
 A = Kills in this place as a percentage of kills in entire the game.
 B = Kills by you in this place as a percentage of kills by you in the entire game.
 C = Kills by friends in this place as a percentage of kills by friends in the entire game.
 D = Other kills in this place as a percentage of other kills in the entire game.
 E = Experience gained in this place as a percentage of experience gained in the entire game.
 F = Experience gained in this place divided by the number of levels of this place that you have seen.
                   A       B       C       D       E      F
               +-------+-------+-------+-------+-------+----------------------
         Total | 100.0 | 100.0 |  -nan |  -nan | 100.0 |  27.0
       Dungeon | 100.0 | 100.0 |  -nan |  -nan | 100.0 |  27.0
               +-------+-------+-------+-------+-------+----------------------

Vault maps used:
D:1:      denvon_arrival_planthouse, serial_curves, eino_curves_02,
          eino_curves_04
D:2:      minmay_misc_feat_x
D:3:      grunt_temple_overflow_open, first_bread
D:4:      vehumet_statue, serial_shops, shop_fountains, serial_park_tiny_1,
          uniq_natasha
